 Dungeon Crawl Stone Soup version 0.18.1-48-g4cf74bf (webtiles) character file.

268 Charly the Insei (level 6, -1/32 HPs)
             Began as a Vine Stalker Monk on Sept 7, 2016.
             Slain by a centaur (3 damage)
             ... on level 7 of the Dungeon.
             The game lasted 00:13:51 (753 turns).

Charly the Insei (Vine Stalker Monk)                 Turns: 753, Time: 00:13:51

Health: -1/32      AC:  3    Str: 14    XL:     6   Next: 21%
Magic:  0/7        EV:  8    Int: 10    God:
Gold:   75         SH:  0    Dex: 18    Spells: 0 memorised, 5 levels left

rFire  . . .     SeeInvis .       - Unarmed
rCold  . . .     Gourm    .     a - +0 robe
rNeg   . . .     Faith    .     (no shield)
rPois  .         Spirit   +     (no helmet)
rElec  .         Dismiss  .     i - +0 cloak
rCorr  .         Reflect  .     (no gloves)
SustAt .         Harm     .     (no boots)
MR     .....     Rnd*Tele +     (no amulet)
Stlth  ++........               (no ring)
                                d - ring of teleportation (curse)

@: not resistant to hostile enchantments, unstealthy
A: fangs 2, regeneration 2, magic shield, antimagic bite, no device heal 3, rot
immunity
a: no special abilities


You were on level 7 of the Dungeon.
You were full.

You visited 2 branches of the dungeon, and saw 8 of its levels.

You collected 75 gold pieces.

Inventory:

Armour
 a - a +0 robe (worn)
 i - a +0 cloak (worn)
Jewellery
 d - a cursed ring of teleportation (left hand)
Wands
 e - a wand of disintegration (0/24)
Scrolls
 g - a scroll of teleportation
 h - 3 scrolls of fog
Potions
 c - a potion of curing
Comestibles
 b - 2 bread rations
 f - a meat ration


   Skills:
 + Level 3.4 Fighting
 - Level 2.4 Dodging
 - Level 2.4 Stealth
 * Level 6.9 Unarmed Combat


You had 5 spell levels left.
You didn't know any spells.

Dungeon Overview and Level Annotations

Branches:
Dungeon (7/15)             Temple (1/1) D:4

Altars:
Dithmenos
Elyvilon
Gozag
Makhleb
Nemelex Xobeh
Qazlal
Ru
Vehumet
Zin
Jiyva

Shops:
D:4 !

Annotations:
D:3 Grinder


Innate Abilities, Weirdness & Mutations

You have extremely sharp teeth.
You heal very quickly.
When hurt, damage is shared between your health and your magic reserves.
Your bite disrupts and absorbs the magic of your enemies.
Potions and wands cannot restore your health.
You are immune to rotting.


Message History

You barely miss the giant frog. You bite the giant frog. You drain its power.
You feel invigorated.
The giant frog is severely wounded.
The giant frog hits you.
* * * LOW HITPOINT WARNING * * *
You barely miss the giant frog. You bite the giant frog. You drain its power.
You feel invigorated.
The giant frog is severely wounded.
The giant frog barely misses you.
A centaur comes into view.
Drink which item? (? for menu, Esc to quit)
Okay, then.
Read which item? (? for menu, Esc to quit)
Okay, then.
The giant frog hits you!
* * * LOW HITPOINT WARNING * * *
The giant frog hits you!
* * * LOW HITPOINT WARNING * * *
The centaur hits you.
You die...

##.h.o..#
#.#.##..# #=#
#.#.# . #..#. ...
. #.#.# ... ^.
##.#.# ... ..
....# ..... ...
#.#.# #F#.# #@c.#
#...# # #...# .#
#...# $.# y
#...##...##.
#...#...........
y................
########<.....>..
#.........


You could see a giant frog and a centaur.

Vanquished Creatures
  A wight (D:6)
  2 hounds
  An orc wizard (D:5)
  3 worker ants
  A worker ant zombie (D:6)
  3 adders
  2 adder skeletons
  2 giant geckos (D:6)
  2 orcs
  A ball python (D:4)
  A giant cockroach (D:2)
  2 goblins
  A hobgoblin (D:2)
  2 jackals (D:2)
  2 bats (D:2)
  A giant newt (D:4)
  2 kobolds (D:2)
  3 rats
32 creatures vanquished.

Vanquished Creatures (others)
  An orc (D:5)
1 creature vanquished.

Grand Total: 33 creatures vanquished

Notes
Turn   | Place    | Note
--------------------------------------------------------------
     0 | D:1      | Charly the Vine Stalker Monk began the quest for the Orb.
     0 | D:1      | Reached XP level 1. HP: 11/11 MP: 2/2
   106 | D:2      | Reached XP level 2. HP: 13/16 MP: 0/3
   204 | D:3      | Reached skill level 5 in Unarmed Combat
   204 | D:3      | Reached XP level 3. HP: 15/19 MP: 4/4
   216 | D:3      | Noticed Grinder
   264 | D:4      | Found Ohucseimp's Distillery.
   287 | D:4      | Reached XP level 4. HP: 23/23 MP: 5/5
   306 | D:4      | Found a staircase to the Ecumenical Temple.
   315 | Temple   | Entered the Ecumenical Temple
   384 | D:5      | Entered Level 5 of the Dungeon
   521 | D:5      | Reached skill level 6 in Unarmed Combat
   531 | D:5      | Reached XP level 5. HP: 17/28 MP: 6/6
   561 | D:6      | Found a sacrificial altar of Ru.
   599 | D:7      | Noticed a water moccasin
   617 | D:6      | Noticed an ice beast
   647 | D:7      | Noticed an orc warrior
   700 | D:6      | Found a burning altar of Makhleb.
   705 | D:6      | Found a glowing silver altar of Zin.
   705 | D:6      | Noticed an angel
   705 | D:6      | Noticed a balrug
   727 | D:6      | Gained mutation: You heal very quickly. [Vine Stalker growth]
   727 | D:6      | Reached XP level 6. HP: 17/32 MP: 3/7
   753 | D:7      | Slain by a centaur

Skill      XL: |  1  2  3  4  5 |
---------------+----------------+-----
Unarmed Combat | 5 6 |  6.9
Fighting       | 3 |  3.4
Dodging        | |  2.4
Stealth        | |  2.4

Action                   |  1- 3 |  4- 6 || total
-------------------------+-------+-------++-------
Melee: Unarmed           |    45 |    79 ||   124
       Bite              |    11 |    24 ||    35
       Punch             |       |     2 ||     2
Evoke: Wand              |     1 |     4 ||     5
  Use: Scroll            |     3 |     2 ||     5
 Stab: Sleeping          |       |     1 ||     1
  Eat: Fruit             |       |     3 ||     3
       Pizza             |       |     1 ||     1
       Beef jerky        |       |     1 ||     1
Armor: Robe              |     4 |     8 ||    12
Dodge: Dodged            |    26 |    54 ||    80
